Map: Fear and Faith LE

Players

Railgan - Winner!

  • Race: Zerg Zerg
  • League: Grandmaster

EricShawn

  • Race: Terran Terran
  • League: Master

VOD

Have the link to the VOD?

Description

Time

  • Played on: June 28, 2026, 2:36 p.m.
  • Length: 9:02
Show
View Real Time Build Order
Export as new Build Order

Railgan Zerg - Winner!

Build Orders: Hatch First 

Get SALT Encoding   

  8  0:01  Drone  
  9  0:11  Drone  
  10  0:16  Drone  
  11  0:24  Drone  
  12  0:35  Extractor  
  12  0:36  Drone  
  12  0:39  Extractor, Drone  
  14  1:02  Hatchery  
  13  1:08  Overlord  
  13  1:25  Spawning Pool  
  12  1:28  Drone  
  12  1:32  Drone  
  14  1:37  Drone  
  15  1:43  Drone  
  16  1:48  Drone  
  16  1:51  Extractor  
  16  1:59  Drone  
  17  2:10  Drone  
  18  2:16  Queen  
  18  2:19  Queen  
  22  2:25  Overlord  
  22  2:31  Drone  
  22  2:36  Zergling x2  
  24  2:44  Drone x3  
  27  2:46  Drone  
  27  2:50  Drone  
  29  3:00  Queen  
  30  3:15  Metabolic Boost  
  30  3:17  Drone  
  30  3:18  Overlord  
  31  3:20  Overlord  
  31  3:25  Drone  
  32  3:33  Overlord  
  32  3:37  Drone x4  
  36  3:43  Zergling x2  
  36  3:44  Zergling x2  
  38  3:50  Lair  
  38  3:51  Drone  
  39  3:56  Drone  
  39  3:57  Drone  
  39  3:58  Drone x2  
  39  4:00  Drone  
  44  4:10  Overlord  
  44  4:11  Drone  
  44  4:12  Extractor  
  44  4:13  Zergling x4  
  46  4:17  Extractor  
  46  4:19  Drone  
  46  4:21  Baneling Nest  
  46  4:23  Overlord  
  45  4:26  Drone x2  
  45  4:29  Drone x2  
  49  4:35  Drone x3  
  52  4:39  Drone x2  
  52  4:43  Extractor, Drone  
  54  4:46  Zergling x2  
  54  4:51  Zergling x2  
  54  4:52  Spire  
  55  5:02  Drone x2  
  55  5:05  Zergling x2  
  57  5:08  Drone x3  
  57  5:11  Zergling x2  
  57  5:13  Baneling x3, Centrifugal Hooks  
  61  5:16  Zergling x4  
  61  5:20  Zergling x2  
  63  5:27  Hatchery  
  62  5:33  Spore Crawler  
  62  5:34  Spore Crawler  
  60  5:38  Evolution Chamber  
  60  5:39  Zergling x2  
  60  5:40  Evolution Chamber  
  59  5:43  Zergling x2  
  59  5:44  Zergling x2  
  59  5:45  Zergling x4  
  63  5:50  Zergling x6  
  63  5:52  Drone  
  67  5:58  Overlord  
  67  6:07  Zergling x8  
  67  6:10  Baneling x8  
  70  6:14  Overlord  
  70  6:27  Mutalisk x4  
  70  6:29  Mutalisk  
  80  6:33  Mutalisk  
  80  6:38  Zergling x6  
  85  6:42  Zerg Melee Weapons Level 1  
  85  6:45  Zerg Ground Armor Level 1  
  85  6:48  Zergling x4  
  85  7:00  Mutalisk x2  
  87  7:05  Zergling x6  
  71  7:25  Zergling x4  
  71  7:26  Zergling x10  
  71  7:29  Extractor  
  73  7:37  Drone  
  73  7:40  Mutalisk  
  73  7:41  Mutalisk x2  
  72  7:52  Zergling x2  
  72  7:53  Zergling x12  
  76  7:59  Mutalisk  
  76  8:01  Queen  
  76  8:02  Zergling x2, Baneling  
  76  8:03  Baneling x5, Zergling x2  
  82  8:08  Zergling x6  
  82  8:12  Zergling x4  
  87  8:15  Zergling x2  
  88  8:21  Hatchery  
  88  8:25  Drone x2  
  89  8:31  Drone x2  
  89  8:33  Overlord  
  91  8:34  Overlord x2  
  91  8:37  Infestation Pit, Baneling  
  91  8:38  Baneling x3  
Show
View Real Time Build Order
Export as new Build Order

EricShawn Terran 

Build Orders: Reaper Expand 

Get SALT Encoding   

  8  0:00  SCV  
  9  0:12  SCV  
  10  0:25  SCV  
  11  0:30  Supply Depot  
  11  0:37  SCV  
  12  0:49  SCV  
  13  0:54  Barracks  
  13  1:01  SCV  
  14  1:05  Refinery  
  14  1:13  SCV  
  15  1:25  SCV  
  16  1:37  SCV  
  17  1:48  Reaper  
  17  1:49  Orbital Command  
  18  2:09  Command Center  
  18  2:15  SCV  
  19  2:24  Marine  
  19  2:27  SCV  
  19  2:28  Supply Depot  
  21  2:44  Factory  
  21  2:49  SCV  
  22  2:58  Barracks Reactor  
  22  3:02  SCV  
  23  3:14  SCV  
  23  3:17  Refinery  
  24  3:23  Orbital Command  
  24  3:26  SCV  
  25  3:38  SCV  
  26  3:41  Hellion  
  26  3:42  Hellion  
  26  3:46  Barracks, Barracks Tech Lab  
  30  3:49  SCV  
  30  3:50  SCV  
  32  3:57  Barracks  
  32  4:01  SCV  
  32  4:02  SCV  
  34  4:03  Hellion x2  
  34  4:06  Stimpack  
  34  4:07  Marine  
  39  4:14  SCV x2  
  39  4:16  Supply Depot  
  41  4:26  SCV  
  41  4:30  Starport  
  42  4:37  Marine, SCV  
  42  4:38  SCV  
  45  4:39  Factory Reactor  
  45  4:40  Supply Depot  
  45  4:46  Marine  
  45  4:49  SCV  
  45  4:51  SCV  
  48  4:54  Barracks Reactor  
  48  4:55  Marine x2  
  49  5:01  SCV  
  50  5:07  Marine, SCV  
  50  5:08  Supply Depot  
  50  5:09  Supply Depot  
  50  5:12  Marine  
  50  5:13  Marine  
  50  5:14  SCV  
  55  5:19  SCV  
  56  5:22  Refinery  
  56  5:23  Factory Tech Lab  
  56  5:25  Marine  
  56  5:26  SCV  
  56  5:27  Supply Depot  
  58  5:30  Medivac x2, Marine  
  58  5:31  SCV  
  58  5:32  Marine  
  58  5:34  Marine x2  
  67  5:38  SCV  
  67  5:41  Siege Tank  
  71  5:42  Marine  
  71  5:43  SCV  
  71  5:49  Supply Depot x2  
  74  5:50  Marine, Combat Shield  
  74  5:54  Marine  
  74  5:55  SCV  
  74  5:56  Marine  
  74  5:57  Refinery  
  77  5:58  Marine  
  77  6:00  Marine  
  79  6:05  SCV  
  79  6:08  Marine  
  81  6:12  Marine  
  81  6:13  Supply Depot  
  81  6:14  Marine  
  81  6:16  Marine  
  81  6:18  Marine  
  84  6:24  Siege Tank  
  88  6:25  Marine  
  88  6:30  Marine, Supply Depot x2  
  90  6:38  Marine  
  90  6:39  Marine, Barracks x2  
  92  6:40  Supply Depot, Marine  
  92  6:43  Marine  
  94  6:48  Marine  
  94  6:49  SCV  
  94  6:50  SCV  
  94  6:53  Liberator  
  99  6:58  Marine  
  99  7:00  Marine  
  95  7:01  Siege Tank  
  95  7:04  SCV, Marine  
  95  7:07  Marine  
  95  7:08  Marine  
  100  7:16  Marine  
  100  7:18  Marine  
  100  7:22  Marine  
  87  7:23  SCV  
  87  7:25  Marine x2  
  87  7:28  Barracks Reactor x2  
  87  7:29  Medivac  
  89  7:34  Marine  
  89  7:35  Marine  
  83  7:40  Marine  
  83  7:43  Marine x2  
  82  7:46  Engineering Bay  
  82  7:47  Medivac  
  82  7:50  SCV  
  79  7:51  Marine  
  79  7:53  Marine  
  79  7:58  Marine  
  71  8:00  Siege Tank  
  71  8:01  Marine  
  71  8:04  Marine  
  71  8:05  Marine x2  
  78  8:09  Marine  
  78  8:12  Marine  
  82  8:15  Marine  
  82  8:17  Missile Turret  
  82  8:18  Missile Turret  
  82  8:19  Marine  
  82  8:20  Marine  
  82  8:27  Marine x3  
  83  8:28  Marine  
  83  8:29  Missile Turret  
  84  8:34  Marine  
  84  8:37  Marine  
  84  8:39  Marine  
  84  8:40  Marine  
  91  8:45  SCV  
Tags
 
Add a new tag
Caveats
  • Supply blocks, unpowered buildings, or Contaminate may cause inaccurate times.
  • Supply counts are checked every 10 seconds.